 Dungeon Crawl Stone Soup version 0.31-a0-174-g85c54bcb58 (webtiles) character file.

Game seed: 1241071689030934220

79 qw the Chopper (level 4, -1/28 HPs)
             Began as a Gargoyle Fighter on June 15, 2023.
             Slain by a black bear (5 damage)
             ... on level 5 of the Dungeon.
             The game lasted 00:00:55 (2441 turns).

qw the Chopper (Gargoyle Fighter)                   Turns: 2441, Time: 00:00:56

Health: -1/28      AC: 13    Str: 21    XL:     4   Next: 37%
Magic:  4/4        EV:  7    Int:  9    God:
Gold:   124        SH:  4    Dex:  9    Spells: 3/3 levels left

rFire   . . .        Y - +1 war axe
rCold   . . .        c - +0 buckler
rNeg    + . .        i - +0 chain mail
rPois   inf          g - +0 helmet
rElec   +            (no cloak)
rCorr   .            (no gloves)
SInv    .            (no boots)
Will    .....        (no amulet) Stlth
                     (no ring)
HPRegen 0.24/turn    (no ring)
MPRegen 0.09/turn

%: no passive effects
@: no status effects
A: sickness immunity, AC +3, negative energy resistance 1, electricity
resistance, torment resistance 1, petrification resistance
a: no special abilities


You were on level 5 of the Dungeon.
You visited 1 branch of the dungeon, and saw 4 of its levels.

You collected 124 gold pieces.


Innate Abilities, Weirdness & Mutations

You are immune to sickness and miasma.
Your stone body is resilient. (AC +3)
You are immune to poison.
You resist negative energy. (rN+)
You are resistant to electric shocks. (rElec)
You are resistant to unholy torment.
You are immune to petrification.


   Skills:
 - Level 3.2 Fighting
 + Level 4.1 Axes
 - Level 3.2 Armour
 - Level 3.2 Shields


You had 3 spell levels left.
You didn't know any spells.
Your spell library was empty.

Inventory:

Hand Weapons
 k - a +0 flail
 Y - a +1 war axe (weapon)
Armour
 c - a +0 buckler (worn)
 g - a +0 helmet (worn)
 i - a +0 chain mail (worn)
Jewellery
 j - a +5 ring of evasion
Scrolls
 a - a scroll of immolation {unknown}
 b - a scroll of teleportation {unknown}
 f - 2 scrolls of identify
Potions
 d - a potion of might
 e - a potion of magic {unknown}
 h - a potion of attraction {unknown}

Dungeon Overview and Level Annotations

Branches:
Dungeon (3/15)

Altars:


Message History

The black bear is lightly wounded.
The black bear bites you but does no damage.
The black bear closely misses you.
The black bear claws you but does no damage.
The black bear bites you.
The black bear claws you but does no damage.
You block the black bear's attack.
You hit the black bear.
The black bear is moderately wounded.
The black bear bites you but does no damage.
The black bear claws you.
The black bear claws you but does no damage.
You barely miss the black bear.
The black bear is moderately wounded.
The black bear bites you but does no damage.
You block the black bear's attack.
The black bear claws you but does no damage.
You slash the black bear!
The black bear is severely wounded.
The black bear bites you but does no damage.
The black bear claws you but does no damage. x2
The black bear bites you but does no damage.
The black bear claws you but does no damage.
The black bear claws you.
You hit the black bear.
The black bear is severely wounded.
The black bear goes berserk!
You hit the black bear.
The black bear is almost dead.
The black bear bites you but does no damage.
The black bear barely misses you.
The black bear claws you but does no damage.
The black bear bites you! The black bear claws you. x2
You hit the black bear.
The black bear is almost dead.
The black bear barely misses you. You block the black bear's attack.
The black bear claws you. The black bear barely misses you.
The black bear claws you but does no damage.
The black bear claws you.
You die...

####.........#
#....#h#####.
#.####.#
.#.####.#####.#
....(..........
..#####.#####.#
#.# .
.#####.#####....
#......hh@......$
#.#####?#########
#.# .># ####


You could see 2 black bears.

Vanquished Creatures
  An adder (D:3)
  4 worms
  2 dart slugs
  5 orcs (D:2)
  A ball python (D:3)
  5 endoplasms
  2 giant cockroaches (D:3)
  4 hobgoblins
  3 jackals (D:3)
  4 bats
  4 frilled lizards
  3 goblins
  4 kobolds
  6 rats
48 creatures vanquished.

Notes
Turn   | Place    | Note
-------+----------+-------------------------------------------
     0 | D:1      | qw the Gargoyle Fighter began the quest for the Orb.
     0 | D:1      | Reached XP level 1. HP: 14/14 MP: 1/1
     0 | D:1      | 0 ||| qw: Version: 0.2-a-29-g511e9b1
     0 | D:1      | 0 ||| qw: Game counter: 5284
     0 | D:1      | 0 ||| qw: Always use a shield: true
     0 | D:1      | 0 ||| qw: God list: Okawaru
     0 | D:1      | 0 ||| qw: Allow faded altars: false
     0 | D:1      | 0 ||| qw: Do Orc after D:15 true
     0 | D:1      | 0 ||| qw: Do second Lair branch before Depths: true
     0 | D:1      | 0 ||| qw: Lair rune preference: random
     0 | D:1      | 0 ||| qw: Plans: Normal, Zot:1-4, Slime:5, God:TSO, Crypt,
                  | Tomb, Abyss, Pan, Hells, Win
     0 | D:1      | 0 ||| PLANNING D:1-11
    66 | D:1      | Reached skill level 2 in Axes
   439 | D:1      | Found a faded altar of an unknown god.
   449 | D:1      | Reached XP level 2. HP: 16/19 MP: 2/2
   637 | D:1      | 637 ||| Stepping ~*~*~tactically~*~*~ (hiding).
   926 | D:1      | 926 ||| DROPPING +0 club.
  1084 | D:1      | 1084 ||| UPGRADING to +0 helmet.
  1089 | D:1      | 1089 ||| UPGRADING to +0 chain mail.
  1099 | D:1      | 1099 ||| DROPPING +0 scale mail.
  1100 | D:1      | 1100 ||| READING scroll labelled POG SAUSEXOE.
  1236 | D:2      | Reached skill level 3 in Axes
  1255 | D:2      | Reached XP level 3. HP: 23/23 MP: 3/3
  1473 | D:2      | 1473 ||| Stepping ~*~*~tactically~*~*~ (stealth).
  1476 | D:2      | 1476 ||| Stepping ~*~*~tactically~*~*~ (stealth).
  2002 | D:2      | 2002 ||| READING scroll labelled NAASMU JATRIY.
  2037 | D:3      | 2037 ||| PLANNING SEWER
  2168 | D:3      | Reached XP level 4. HP: 28/28 MP: 4/4
  2321 | D:3      | Reached skill level 4 in Axes
  2417 | D:3      | You fall into a shaft and drop 2 floors!
  2417 | D:5      | Entered Level 5 of the Dungeon
  2426 | D:5      | Noticed a black bear
  2426 | D:5      | Noticed a black bear
  2427 | D:5      | 2427 ||| Stepping ~*~*~tactically~*~*~ (stealth).
  2428 | D:5      | 2428 ||| Stepping ~*~*~tactically~*~*~ (stealth).
  2440 | D:5      | HP: 5/28 [black bear (3)]
  2441 | D:5      | Slain by a black bear

Levels and vault maps discovered:
D:1:      dpeg_arrival_shelter, layout_basic, hellmonk_ecumenical_altar_lost_god
D:2:      layout_basic
D:3:      layout_loops_cross, cheibrodos_sewer_entry_bend
D:5:      layout_loops_ring, mainiacjoe_overflow_catwalk,
          nicolae_qazlal_beasts_of_the_sky, mainiacjoe_overflow_brackets,
          gammafunk_ghost_mausoleum

Skill      XL: |  1  2  3  4 |
---------------+-------------+-----
Axes           | 2 3 4 |  4.1
Fighting       | |  3.2
Armour         | |  3.2
Shields        | |  3.2

Action                     |  1- 3 |  4- 6 || total
---------------------------+-------+-------++-------
  Melee: War axe           |   103 |    29 ||   132
    Use: Scroll            |     2 |       ||     2
 Armour: Scale mail        |    11 |       ||    11
         Chain mail        |    24 |    31 ||    55
  Dodge: Dodged            |    29 |    12 ||    41
  Block: Buckler           |    19 |     6 ||    25

Table legend:
 A = Non-vault XP
 B = Vault XP
 C = Vault XP percentage of total XP
 D = Non-vault monster count
 E = Vault monster count
 F = Vault count percentage of total count
                 A         B        C        D         E       F
            +---------+---------+-------+---------+---------+-------
      Total |     113 |       0 |   0.0 |      48 |       0 |   0.0
            +---------+---------+-------+---------+---------+-------
        D:1 |      24 |       0 |   0.0 |      16 |       0 |   0.0
        D:2 |      48 |       0 |   0.0 |      19 |       0 |   0.0
        D:3 |      41 |       0 |   0.0 |      13 |       0 |   0.0
            +---------+---------+-------+---------+---------+-------
